 Dungeon Crawl Stone Soup version 0.25-a0-566-g062765be81 (webtiles) character file.

Game seed: 3589299132987899742, levelgen mode: classic

2078 EnegeticOcto the Chopper (level 9, 33/85 HPs)
             Began as a Deep Dwarf Fighter on Feb 27, 2020.
             Quit the game on level 9 of the Dungeon.
             The game lasted 00:02:01 (2239 turns).

EnegeticOcto the Chopper (Deep Dwarf Fighter)       Turns: 2239, Time: 00:02:02

Health: 33/85      AC:  8    Str: 22    XL:     9   Next: 6%
Magic:  1/7        EV: 11    Int: 10    God:
Gold:   190        SH: 11    Dex: 15    Spells: 8/8 levels left

rFire    . . .     SeeInvis .   a - +0 war axe
rCold    . . .     Gourm    .   c - +0 kite shield
rNeg     + . .     Faith    .   b - +0 scale mail
rPois    .         Spirit   .   r - +0 helmet of Cheibriados {Regen+ Dex+3}
rElec    .         Reflect  .   (no cloak)
rCorr    +         Harm     .   (no gloves)
MR       +....                  (no boots)
Stlth    ..........             (no amulet)
HPRegen  0.00/turn              h - ring of resist corrosion
MPRegen  0.10/turn              v - ring of positive energy

@: non-regenerating
A: damage resistance, heal wounds, sense surroundings 2, no regeneration
a: Heal Wounds


You were on level 9 of the Dungeon.
You were not hungry.

You visited 1 branch of the dungeon, and saw 7 of its levels.

You collected 190 gold pieces.

Inventory:

Hand Weapons
 a - a +0 war axe (weapon)
Armour
 b - a +0 scale mail (worn)
 c - a +0 kite shield (worn)
 r - the +0 helmet of Cheibriados (worn) {Regen+ Dex+3}
   (You took it off Robin on level 4 of the Dungeon)

   It affects your dexterity (+3).
   It increases your rate of regeneration.
   If you remove this armour, your AC will decrease by 1 (8 -> 7).
Jewellery
 h - a ring of resist corrosion (left hand)
 v - a ring of positive energy (right hand)
Wands
 s - a wand of scattershot (4)
Scrolls
 f - a scroll of fog
 p - a scroll of teleportation {@r2}
 q - a scroll of blinking {@r3}
Potions
 g - 4 potions of curing {@q1}
 i - a potion of berserk rage
 j - 6 potions of stabbing {@q5}
 k - a potion of might {@q3}
 l - a potion of lignification {unknown}
 m - a potion of resistance {@q6}
 n - a potion of mutation {unknown}
 o - a potion of flight {unknown}
 t - a potion of heal wounds {unknown}
 u - a potion of cancellation {unknown}
Comestibles
 d - 9 chunks of flesh
 e - 6 rations


   Skills:
 * Level 6.4 Fighting
 * Level 7.3 Axes
 + Level 5.9 Armour
 + Level 4.6 Dodging
 + Level 5.8 Shields


You had 8 spell levels left.
You didn't know any spells.
Your spell library was empty.

Dungeon Overview and Level Annotations

Branches:
Dungeon (6/15)
 Temple: D:4-7

Altars:
Cheibriados
Fedhas
Xom
The Shining One


Innate Abilities, Weirdness & Mutations

You are resistant to damage.
You can heal yourself by infusing magical energy.
You passively map the area around you.
You do not regenerate.


Message History

A bullfrog zombie comes into view.
You hit the bullfrog zombie but do no damage.
The bullfrog zombie barely misses you. You block the bullfrog zombie's attack.
You hit the bullfrog zombie.
The bullfrog zombie is lightly damaged.
The bullfrog zombie misses you.
You slice the bullfrog zombie!!
The bullfrog zombie is heavily damaged.
The bullfrog zombie hits you but does no damage.
You hit the bullfrog zombie.
The bullfrog zombie is severely damaged.
The bullfrog zombie hits you but does no damage.
The bullfrog zombie barely misses you.
You hit the bullfrog zombie.
The bullfrog zombie is almost destroyed.
You block the bullfrog zombie's attack.
You slash the bullfrog zombie!
You destroy the bullfrog zombie!
You have reached level 9!
Your experience leads to an increase in your attributes!
Your base attributes are Str 21, Int 10, Dex 12.
Increase (S)trength, (I)ntelligence, or (D)exterity?
You feel stronger.
Your attunement to dungeon structure grows.
Some of the chunks of flesh in your inventory have rotted away.
An eye of draining comes into view.
The eye of draining turns its gaze towards you.
An eye of draining is nearby!
An eye of draining is nearby!
An eye of draining is nearby!
An eye of draining is nearby!
A crimson imp comes into view.
The crimson imp shouts!
You hear a shout!
The eye of draining gazes at you.
You feel your power leaking away.
You hit the eye of draining but do no damage.
A troll comes into view.
You hit the eye of draining.
The eye of draining is lightly wounded.
You hit the eye of draining.
The eye of draining is moderately wounded.
You slash the eye of draining!
The eye of draining is heavily wounded.
The eye of draining gazes at you.
You feel your power leaking away.
You slash the eye of draining!
The eye of draining is severely wounded.
You hit the crimson imp but do no damage.
You block the crimson imp's attack. The eye of draining gazes at you.
You hit the eye of draining.
The eye of draining is almost dead.
You barely miss the crimson imp. You block the crimson imp's attack.
The crimson imp hits you but does no damage.
You slash the eye of draining!
You kill the eye of draining!
You slash the crimson imp!
The crimson imp blinks!
You slash the troll!
The troll is moderately wounded.
The troll closely misses you. The troll claws you!
The troll closely misses you.
You completely miss the troll.
The troll is moderately wounded.
You block the troll's attack.
The troll claws you. x2; The crimson imp blinks!
The troll closely misses you. The troll claws you.
The troll closely misses you.
A troll is nearby!
A troll is nearby!
You slash the troll!
The troll is heavily wounded.
You block the troll's attack. The troll misses you.
You block the troll's attack.
You slash the troll!
The troll is severely wounded.
The troll bites you. The troll closely misses you. The troll barely misses you.
You hit the troll but do no damage.
The troll is severely wounded.
You block the troll's attack. The troll claws you.
The troll claws you but does no damage.
You hit the troll.
The troll is severely wounded.
You block the troll's attack. The troll claws you but does no damage.
You block the troll's attack.
The crimson imp blinks!
You slash the troll!
The troll is severely wounded.
The troll bites you! You block the troll's attack. The troll barely misses you.
You are too injured to fight recklessly!
You are too injured to fight recklessly!
You are too injured to fight recklessly!
You are too injured to fight recklessly!
You are too injured to fight recklessly!
You are too injured to fight recklessly!
You are too injured to fight recklessly!
You are too injured to fight recklessly!
You are too injured to fight recklessly!
You are too injured to fight recklessly!
You are too injured to fight recklessly!
Assign waypoint to what number? (0-9)
Okay, then.
Are you sure you want to abandon this character and quit the game? (Confirm with "yes".)

* ,, ,,, , , , ,, *
, , , , * , , ,, ,
, ###########+# ,
**##...........# ,
, , .......!.....#,
, * * ,
............># , *
,,*, ,
.............# , *
,,, .......@.....#
, ,
##....T##....######
, #.....
#.......... , ,
#...... #....##...
, , , #......
#....# , ,,
##.....#....... * *
#.....#......... ,
,,
#.....#...........
,,,, , *, ,
#........... , ,,


You could see a troll.

Vanquished Creatures
  A two-headed ogre (D:6)
  Pikel (D:5)
  Grinder (D:5)
  3 slaves (D:5)
  An ice beast (D:5)
  An eye of draining (D:9)
  An ogre (D:5)
  A centaur (D:5)
  A scorpion (D:4)
  A bullfrog zombie (D:9)
  An orc priest (D:6)
  A jelly (D:5)
  4 orc wizards
  4 worker ants
  Robin (D:4)
  5 gnolls
  5 adders
  2 worms (D:2)
  2 dart slugs
  6 orcs
  A ball python (D:1)
  3 bats
  A giant cockroach (D:1)
  12 goblins
  12 hobgoblins
  4 jackals (D:1)
  2 kobolds (D:2)
  4 quokkas
  5 frilled lizards
  6 rats
  A plant (D:2)
94 creatures vanquished.

Vanquished Creatures (others)
  A howler monkey (D:5)
  A jackal (D:5)
2 creatures vanquished.

Grand Total: 96 creatures vanquished

Notes
Turn   | Place    | Note
-------+----------+-------------------------------------------
     0 | D:1      | EnegeticOcto the Deep Dwarf Fighter began the quest for the
                  | Orb.
     0 | D:1      | Reached XP level 1. HP: 20/20 MP: 1/1
    92 | D:1      | Reached XP level 2. HP: 21/27 MP: 2/2
   224 | D:1      | Reached XP level 3. HP: 31/34 MP: 3/3
   394 | D:2      | Reached skill level 1 in Dodging
   451 | D:2      | Reached skill level 3 in Axes
   463 | D:2      | Reached XP level 4. HP: 31/42 MP: 4/4
   535 | D:2      | Found a blossoming altar of Fedhas.
   569 | D:2      | Found a snail-covered altar of Cheibriados.
  1003 | D:3      | Found a faded altar of an unknown god.
  1072 | D:4      | Identified the cursed +0 helmet of Cheibriados {Regen+
                  | Dex+3}
  1072 | D:4      | Noticed Robin
  1084 | D:4      | Killed Robin
  1089 | D:4      | Reached XP level 5. HP: 31/50 MP: 5/5
  1319 | D:4      | Reached skill level 4 in Axes
  1379 | D:4      | Reached XP level 6. HP: 35/57 MP: 5/5
  1652 | D:5      | Entered Level 5 of the Dungeon
  1652 | D:5      | Noticed Grinder
  1674 | D:5      | Paralysed by Grinder for 3 turns
  1685 | D:5      | Killed Grinder
  1685 | D:5      | Reached XP level 7. HP: 66/66 MP: 6/6
  1689 | D:5      | Reached skill level 5 in Axes
  1696 | D:5      | Noticed Pikel
  1740 | D:5      | Killed Pikel
  1740 | D:5      | Reached skill level 5 in Fighting
  1740 | D:5      | Reached skill level 6 in Axes
  1740 | D:5      | Reached skill level 5 in Armour
  1740 | D:5      | Reached skill level 5 in Shields
  1740 | D:5      | Reached XP level 8. HP: 41/75 MP: 7/7
  1747 | D:5      | Found a glowing golden altar of the Shining One.
  1908 | D:5      | Found a shimmering altar of Xom.
  2103 | D:6      | Noticed a two-headed ogre
  2134 | D:6      | Killed a two-headed ogre
  2134 | D:6      | Reached skill level 7 in Axes
  2213 | D:6      | You fall into a shaft and drop 3 floors!
  2220 | D:9      | Gained mutation: You passively map the area around you.
                  | [Deep Dwarf growth]
  2220 | D:9      | Reached XP level 9. HP: 56/84 MP: 7/7
  2225 | D:9      | Noticed a troll
  2239 | D:9      | Quit the game

Levels and vault maps discovered:
D:1:      scummos_arrival_gate, layout_rooms, minivault_11, minmay_pentomino_t2
D:2:      layout_basic, fedhas_altar_3, lemuel_crystal_altar
D:3:      layout_basic, chequers_ecumenical_altar_island, uniq_terence,
          uniq_jessica
D:4:      layout_loops_cross, first_ration, uniq_robin
D:5:      layout_rooms, lemuel_crystal_altar, xom_confusion_cloud, sigmund_army,
          uniq_grinder, uniq_pikel
D:6:      layout_layer_cave, grunt_temple_overflow_open, uniq_blork_the_orc
D:9:      layout_stronghold, kennysheep_little_box, old_standard_altar

Skill      XL: |  1  2  3  4  5  6  7  8 |
---------------+-------------------------+-----
Fighting       | 3 4 5 6 |  6.4
Dodging        | 1 2 3 4 |  4.6
Axes           | 3 4 6 7 |  7.3
Armour         | 4 5 |  5.9
Shields        | 4 5 |  5.8

Action                   |  1- 3 |  4- 6 |  7- 9 || total
-------------------------+-------+-------+-------++-------
Melee: War axe           |    76 |   140 |   117 ||   333
 Abil: Heal Wounds       |     1 |     6 |    18 ||    25
  Use: Scroll            |       |     1 |     9 ||    10
  Eat: Chunk             |       |     3 |     2 ||     5
Armor: Scale mail        |    45 |    65 |    47 ||   157
Dodge: Dodged            |    27 |    61 |    81 ||   169
Block: Kite shield       |    43 |    71 |    93 ||   207

Table legend:
 A = Non-vault XP
 B = Vault XP
 C = Vault XP percentage of total XP
 D = Non-vault monster count
 E = Vault monster count
 F = Vault count percentage of total count
                 A         B        C        D         E       F
            +---------+---------+-------+---------+---------+-------
      Total |    1932 |    1037 |  34.9 |      66 |      24 |  26.7
            +---------+---------+-------+---------+---------+-------
        D:1 |      49 |       1 |   2.0 |      20 |       1 |   4.8
        D:2 |      79 |       0 |   0.0 |      15 |       0 |   0.0
        D:3 |       1 |       0 |   0.0 |       1 |       0 |   0.0
        D:4 |     306 |      39 |  11.3 |      14 |      13 |  48.1
        D:5 |     319 |     997 |  75.8 |      10 |      10 |  50.0
        D:6 |    1003 |       0 |   0.0 |       4 |       0 |   0.0
        D:9 |     175 |       0 |   0.0 |       2 |       0 |   0.0
            +---------+---------+-------+---------+---------+-------
